 Dungeon Crawl Stone Soup version 0.25-a0-341-g6f074c8 (webtiles) character file.

Game seed: 3329885436318932311, levelgen mode: deterministic

68 Birdy the Twirler (level 4, -1/34 HPs)
             Began as a Formicid Gladiator on Dec 29, 2019.
             Shot with an arrow by a centaur (8 damage)
             ... on level 9 of the Dungeon.
             The game lasted 00:03:36 (1368 turns).

Birdy the Twirler (Formicid Gladiator)              Turns: 1368, Time: 00:03:37

Health: -1/34      AC: 13    Str: 18    XL:     4   Next: 41%
Magic:  4/4        EV:  6    Int:  8    God:
Gold:   33         SH:  0    Dex: 13    Spells: 3/3 levels left

rFire    + . .     SeeInvis +   a - +0 quarterstaff
rCold    . . .     Gourm    .   (no shield)
rNeg     . . .     Faith    .   j - +0 plate armour
rPois    .         Spirit   .   (helmet unavailable)
rElec    .         Reflect  .   (no cloak)
rCorr    .         Harm     .   (no gloves)
MR       .....                  (no boots)
Stlth    ..........             (no amulet)
HPRegen  0.11/turn              (no ring)
MPRegen  0.09/turn              (no ring)

@: no status effects
A: permanent stasis, dig shafts and tunnels, four strong arms, antennae 3, icy
blue scales 1, fire resistance 1
a: Dig, Shaft Self


You were on level 9 of the Dungeon.
You were not hungry.

You visited 1 branch of the dungeon, and saw 5 of its levels.

You collected 33 gold pieces.

Inventory:

Hand Weapons
 a - a +0 quarterstaff (weapon)
Missiles
 c - 3 throwing nets (quivered)
Armour
 b - a +0 leather armour
 j - a +0 plate armour (worn)
Scrolls
 i - 2 scrolls of remove curse
Potions
 f - a potion of mutation
Comestibles
 d - 3 rations
 o - a chunk of flesh


   Skills:
 + Level 2.6 Fighting
 * Level 3.5 Staves
 - Level 2.0 Throwing
 * Level 2.2 Armour
 * Level 3.2 Dodging


You had 3 spell levels left.
You didn't know any spells.
Your spell library was empty.

Dungeon Overview and Level Annotations

Branches:
Dungeon (3/15)

Altars:
Cheibriados
Nemelex Xobeh
Qazlal


Innate Abilities, Weirdness & Mutations

You cannot be hasted, slowed, berserked, paralysed or teleported.
You can dig through walls and to a lower floor.
Your four strong arms can wield two-handed weapons with a shield.
You have a pair of large antennae on your head. (SInv)
You are partially covered in icy blue scales. (AC +2)
Your flesh is heat resistant. (rF+)


Message History

The centaur shouts! x2
Okay, then.
The centaur hits you but does no damage.
The centaur wields a +1 shortbow of velocity.
The centaur shoots an arrow.
The arrow hits you.
The centaur wields a cursed -3 shortbow.
The centaur shoots an arrow.
The arrow hits you but does no damage.
You see here 2 arrows.
The centaur hits you but does no damage.
The centaur shoots an arrow.
The arrow hits you but does no damage. The centaur hits you.
You see here an arrow.
The centaur shoots an arrow.
The arrow hits you.
The centaur hits you but does no damage.
You see here an arrow.
The centaur wields a +0 shortbow.
The centaur shoots an arrow.
The arrow hits you.
* * * LOW HITPOINT WARNING * * *
The centaur shoots an arrow.
The arrow hits you!
You die...

##................
##.................
#..................
...................
......c............
...................
...................
........(c.@.......
.........((........
...................
...Yc..............
...................
..................#
..................#
..................#
................


You could see 3 centaurs.

Vanquished Creatures
  2 adders (D:2)
  An ooze (D:2)
  3 worms (D:2)
  A dart slug (D:1)
  A giant cockroach (D:1)
  7 goblins
  4 hobgoblins (D:1)
  8 bats
  4 frilled lizards (D:1)
  3 kobolds (D:1)
  5 rats
39 creatures vanquished.

Notes
Turn   | Place    | Note
-------+----------+-------------------------------------------
     0 | D:1      | Birdy the Formicid Gladiator began the quest for the Orb.
     0 | D:1      | Reached XP level 1. HP: 16/16 MP: 1/1
    67 | D:1      | Reached XP level 2. HP: 18/22 MP: 2/2
   157 | D:1      | Reached skill level 1 in Armour
   487 | D:1      | You fall into a shaft and drop 1 floor!
   512 | D:2      | Reached XP level 3. HP: 27/28 MP: 3/3
   548 | D:2      | Found a snail-covered altar of Cheibriados.
   995 | D:2      | Reached XP level 4. HP: 34/34 MP: 4/4
  1227 | D:2      | Found a sparkling altar of Nemelex Xobeh.
  1274 | D:2      | Gained mutation: Scrolls take you a little longer to read.
                  | [potion of mutation]
  1274 | D:2      | Gained mutation: You have sharp toenails. [potion of
                  | mutation]
  1275 | D:2      | Lost mutation: Scrolls take you a little longer to read.
                  | [potion of mutation]
  1275 | D:2      | Lost mutation: You have sharp toenails. [potion of
                  | mutation]
  1275 | D:2      | Gained mutation: You are partially covered in icy blue
                  | scales. (AC +2) [potion of mutation]
  1275 | D:2      | Gained mutation: Your flesh is heat resistant. (rF+)
                  | [potion of mutation]
  1321 | D:3      | Found a stormy altar of Qazlal.
  1350 | D:3      | You fall into a shaft and drop 3 floors!
  1354 | D:6      | Noticed an ice beast
  1364 | D:6      | You fall into a shaft and drop 3 floors!
  1364 | D:9      | Noticed an ice beast
  1364 | D:9      | Noticed a centaur
  1364 | D:9      | Noticed a centaur
  1364 | D:9      | Noticed a centaur
  1368 | D:9      | Shot with an arrow by a centaur

Levels and vault maps discovered:
D:1:      nicolae_arrival_memento_mori, layout_basic
D:2:      layout_loops_ring, marbit_many_paths, overflow_temple_1_default
D:3:      layout_basic, nicolae_overflow_crystal_walls, grunt_decor_clamped
D:6:      layout_loops_ring, lemuel_zombie_altar_kikubaaqudgha,
          lemuel_crystal_altar, led_sif_book, overflow_temple_1_default,
          minmay_temple_entry_drinking_statues
D:9:      layout_big_octagon, lemuel_round_altar, zin_academy

Skill      XL: |  1  2  3  4 |
---------------+-------------+-----
Armour         | 1 2 |  2.2
Dodging        | 3 |  3.2
Fighting       | |  2.6
Staves         | |  3.5
Throwing       | |  2.0

Action                   |  1- 3 |  4- 6 || total
-------------------------+-------+-------++-------
Melee: Quarterstaff      |    90 |    32 ||   122
 Abil: Shaft Self        |       |     1 ||     1
  Use: Scroll            |       |     5 ||     5
       Potion            |       |     5 ||     5
  Eat: Chunk             |       |     2 ||     2
Armor: Plate armour      |    59 |    34 ||    93
       Leather armour    |     1 |       ||     1
Dodge: Dodged            |    37 |    18 ||    55

Table legend:
 A = Non-vault XP
 B = Vault XP
 C = Vault XP percentage of total XP
 D = Non-vault monster count
 E = Vault monster count
 F = Vault count percentage of total count
                 A         B        C        D         E       F
            +---------+---------+-------+---------+---------+-------
      Total |      97 |       1 |   1.0 |      38 |       1 |   2.6
            +---------+---------+-------+---------+---------+-------
        D:1 |      28 |       0 |   0.0 |      17 |       0 |   0.0
        D:2 |      67 |       1 |   1.5 |      19 |       1 |   5.0
        D:3 |       2 |       0 |   0.0 |       2 |       0 |   0.0
            +---------+---------+-------+---------+---------+-------
